 Dungeon Crawl Stone Soup version 0.23.1-37-gaa34b87 (webtiles) character file.

Game seed: 1944131463360223612

35982 Fang the Fighter (level 13, -3/88 HPs)
             Began as a Gargoyle Berserker on Mar 27, 2019.
             Was the Champion of Trog.
             Slain by an eight-headed hydra (5 damage)
             ... on level 6 of the Lair of Beasts.
             The game lasted 00:16:56 (13814 turns).

Fang the Fighter (Gargoyle Berserker)              Turns: 13814, Time: 00:16:57

Health: -3/88      AC: 30    Str: 32    XL:     13   Next: 87%
Magic:  13/13      EV: 12    Int:  8    God:    Trog [******]
Gold:   976        SH:  0    Dex:  6    Spells: 12/12 levels left

rFire    + . .     SeeInvis .   t - +8 battleaxe of the Ten Eyes {freeze, Stlth+}
rCold    + . .     Gourm    .   (shield currently unavailable)
rNeg     + + .     Faith    .   g - +0 plate armour
rPois    ∞         Spirit   .   G - +2 hat
rElec    +         Reflect  .   A - scarf {rC+ rF+}
rCorr    .         Harm     .   o - +2 pair of gloves of Tueh {rN+ Regen+ Dex-3}
MR       .....                  (no boots)
Stlth    ..........             (no amulet)
HPRegen  0.64/turn              f - +1 ring of evasion
MPRegen  0.13/turn              s - ring of Beruc {rPois Str+6}

@: no status effects
A: negative energy resistance 1, electricity resistance, unbreathing,
petrification resistance, rot immunity, AC +9
a: Berserk, Trog's Hand, Brothers in Arms, Renounce Religion


You were on level 6 of the Lair of Beasts.
You worshipped Trog.
Trog was exalted by your worship.
You were not hungry.

You visited 3 branches of the dungeon, and saw 18 of its levels.

You collected 976 gold pieces.

Inventory:

Hand Weapons
 t - the +8 battleaxe of the Ten Eyes (weapon) {freeze, Stlth+}
   (Trog gifted it to you on level 8 of the Dungeon)

   It has been specially enchanted to freeze those struck by it, causing extra
   injury to most foes and up to half again as much damage against particularly
   susceptible opponents.
   It can also slow down cold-blooded creatures.
   It makes you more stealthy.
 u - a +6 battleaxe
 F - a +5 broad axe of venom
 L - a +1 antimagic battleaxe
Armour
 g - a +0 plate armour (worn)
 o - the +2 pair of gloves of Tueh (worn) {rN+ Regen+ Dex-3}
   (You found it on level 5 of the Dungeon)

   It affects your dexterity (-3).
   It protects you from negative energy.
   It increases your rate of regeneration.
 A - a scarf of resistance (worn)
 G - a +2 hat (worn)
 H - the +0 ring mail of Salvation {-Tele rElec rCorr Int+6}
   (You found it on level 3 of the Lair of Beasts)

   It affects your intelligence (+6).
   It insulates you from electricity.
   It prevents most forms of teleportation.
   It provides partial protection from all sources of acid and corrosion.
Jewellery
 f - a +1 ring of evasion (left hand)
 p - an uncursed ring of stealth
 s - the ring of Beruc (right hand) {rPois Str+6}
   (You found it on level 4 of the Dungeon)

   [ring of strength]

   It affects your strength (+6).
   It protects you from poison.
 x - an uncursed ring of magical power
 y - an uncursed ring of protection from cold
 K - a +2 ring of dexterity
Wands
 b - a wand of paralysis (10)
 j - a wand of random effects (14)
 r - a wand of clouds (6)
 z - a wand of digging (7)
 E - a wand of flame (18)
 N - a wand of acid (14)
Scrolls
 d - 2 scrolls of magic mapping
 h - a scroll of enchant weapon
 i - 3 scrolls of identify
 k - 5 scrolls of remove curse
 B - a scroll of blinking
 C - 4 scrolls of teleportation
 O - a scroll of fog
Potions
 a - a potion of magic
 e - 3 potions of agility
 l - 3 potions of heal wounds
 m - 6 potions of curing
 n - 3 potions of might
 q - 2 potions of cancellation
 v - a potion of mutation
 w - 2 potions of haste
 D - a potion of berserk rage
 I - 2 potions of invisibility
 J - a potion of flight
Comestibles
 c - 32 rations
 M - a chunk of flesh


   Skills:
 + Level 13.0 Fighting
 + Level 11.2 Axes
 + Level 12.8 Armour
 + Level 10.1 Dodging


You had 12 spell levels left.
You didn't know any spells.
Your spell library was empty.

Dungeon Overview and Level Annotations

Branches:
Dungeon (11/15)            Temple (1/1) D:7            Lair (6/6) D:8
 Shoals (0/4) Lair:3        Snake (0/4) Lair:2
  Slime: Lair:5-6       Orc: D:9-12

Altars:
Ashenzari
Cheibriados
Fedhas
Gozag
Okawaru
Qazlal
Vehumet
Wu Jian
Zin
The Shining One

Shops:
D:6 *   D:10 *


Innate Abilities, Weirdness & Mutations

You are resistant to torment.
Your stone body is resilient. (AC +9)
You are immune to poison.
You resist negative energy. (rN+)
You are resistant to electric shocks. (rElec)
You can survive without breathing.
You are immune to petrification.
You are immune to rotting.


Message History

The 12-headed hydra barely misses you. The 12-headed hydra bites you.
The 12-headed hydra bites you but does no damage.
The 12-headed hydra closely misses you.
The 12-headed hydra bites you but does no damage. x2
The 12-headed hydra closely misses you. The 12-headed hydra bites you!
* * * LOW HITPOINT WARNING * * *
The 12-headed hydra bites you but does no damage. x2
The elephant tramples you.
* * * LOW HITPOINT WARNING * * *
You hold your ground!
The elephant trunk-slaps you but does no damage.
The eight-headed hydra bites you but does no damage.
The eight-headed hydra bites you!
* * * LOW HITPOINT WARNING * * *
The eight-headed hydra bites you but does no damage.
The eight-headed hydra closely misses you.
The eight-headed hydra bites you!
* * * LOW HITPOINT WARNING * * *
The eight-headed hydra bites you.
You die...

............#
..........}.#
............
...........#
...........##
..........Y.#
.......†FYD#
........FD@#
......†.§YY#
..........§.#
..PF#....#.##
... #...##.#
.. #P.P#..# .
....P#...
.....#..#


You could see a 12-headed hydra, an eight-headed hydra, 4 elephants, a spiny
frog and 2 blink frogs.

Vanquished Creatures
  Gastronok (Lair:2)
  2 hydras (Lair:5)
  Erolcha (D:11)
  4 two-headed ogres
  A fire crab (Lair:4)
  A deep elf mage (D:11)
  3 ugly things (D:11)
  Maurice (D:11)
  3 black mambas
  7 elephants
  7 spiny frogs
  A torpor snail (Lair:2)
  5 komodo dragons
  A troll (D:10)
  4 polar bears
  19 blink frogs
  4 dream sheep (Lair:2)
  8 hippogriffs
  16 yaks
  A wraith (D:10)
  A hungry ghost (D:7)
  A basilisk (Lair:3)
  Menkaure (D:7)
  A soldier ant (D:10)
  11 water moccasins
  8 porcupines
  5 sky beasts
  2 ice beasts
  3 orc warriors (D:8)
  A hornet zombie (D:9)
  3 phantoms
  A black bear (D:8)
  A necrophage (D:8)
  4 boggarts (Lair:4)
  7 ogres
  5 centaurs
  7 wolves (Lair:4)
  11 crocodiles
  2 big kobolds
  18 bullfrogs
  A wyvern zombie (D:11)
  4 scorpions
  10 wights
  A howler monkey (D:7)
  An electric eel (Lair:2)
  5 crimson imps
  2 bullfrog zombies
  3 lava snakes (D:8)
  2 centaur zombies
  4 quasits
  3 centaur skeletons
  10 hounds
  7 jellies
  4 orc priests
  8 orc wizards
  Jessica (D:3)
  4 iguanas
  7 worker ants
  5 hell rats (Lair:3)
  2 hound skeletons
  A worker ant zombie (D:9)
  3 gnolls (D:6)
  11 adders
  5 shadow imps
  8 oozes
  3 adder skeletons
  6 worms
  3 dart slugs
  5 leopard geckos
  29 orcs
  5 giant cockroaches
  3 goblins
  7 hobgoblins
  9 jackals
  16 kobolds
  7 quokkas
  A ball python skeleton (D:4)
  9 bats
  6 frilled lizards
  A quokka skeleton (D:5)
  8 rats
  6 fungi
  8 plants
427 creatures vanquished.

Vanquished Creatures (collateral kills)
  A hydra (D:11)
1 creature vanquished.

Vanquished Creatures (others)
  A worker ant (D:4)
  4 fungi
  A plant (Lair:2)
6 creatures vanquished.

Grand Total: 434 creatures vanquished

Notes
Turn   | Place    | Note
-------+----------+-------------------------------------------
     0 | D:1      | Fang the Gargoyle Berserker began the quest for the Orb.
     0 | D:1      | Reached XP level 1. HP: 14/14 MP: 1/1
   123 | D:1      | Reached XP level 2. HP: 10/19 MP: 2/2
  1048 | D:2      | Reached XP level 3. HP: 23/23 MP: 3/3
  1152 | D:2      | Found an opulent altar of Gozag.
  1680 | D:2      | Reached XP level 4. HP: 26/29 MP: 4/4
  1687 | D:2      | Found an ornate altar of the Wu Jian Council.
  1937 | D:3      | Reached skill level 4 in Fighting
  1990 | D:3      | Found an iron altar of Okawaru.
  2037 | D:3      | Reached ** piety under Trog
  2366 | D:3      | Noticed Jessica
  2372 | D:3      | Killed Jessica
  2372 | D:3      | Reached XP level 5. HP: 33/33 MP: 5/5
  2719 | D:4      | Reached XP level 6. HP: 21/39 MP: 6/6
  2984 | D:4      | Found a glowing golden altar of the Shining One.
  2984 | D:4      | Found a stormy altar of Qazlal.
  3155 | D:4      | Reached *** piety under Trog
  3164 | D:4      | Reached skill level 5 in Fighting
  3170 | D:4      | Reached XP level 7. HP: 27/44 MP: 7/7
  3442 | D:4      | Got a scintillating wooden ring
  3587 | D:4      | Found a radiant altar of Vehumet.
  3589 | D:4      | Identified the ring of Beruc {rPois Str+6} (You found it on
                  | level 4 of the Dungeon)
  3734 | D:5      | Entered Level 5 of the Dungeon
  3870 | D:5      | Got a pair of scorched gloves
  3876 | D:5      | Identified the +2 pair of gloves of Tueh {rN+ Regen+ Dex-3}
                  | (You found it on level 5 of the Dungeon)
  4315 | D:6      | Found a blossoming altar of Fedhas.
  4346 | D:6      | Reached skill level 5 in Armour
  4561 | D:6      | Reached XP level 8. HP: 47/51 MP: 8/8
  4592 | D:6      | Reached skill level 6 in Fighting
  4626 | D:6      | Reached skill level 5 in Axes
  4938 | D:6      | Reached **** piety under Trog
  5197 | D:6      | Found Zin's Purification Station.
  5200 | D:6      | Found a glowing silver altar of Zin.
  5382 | D:7      | Reached skill level 7 in Fighting
  5382 | D:7      | Reached XP level 9. HP: 55/57 MP: 9/9
  5444 | D:7      | Reached skill level 5 in Dodging
  5948 | D:7      | Noticed Menkaure
  5956 | D:7      | Killed Menkaure
  6156 | D:7      | Found a staircase to the Ecumenical Temple.
  6223 | Temple   | Entered the Ecumenical Temple
  6274 | D:8      | Noticed a two-headed ogre
  6302 | D:7      | Killed a two-headed ogre
  6302 | D:7      | Reached skill level 8 in Fighting
  6302 | D:7      | Reached XP level 10. HP: 36/64 MP: 10/10
  6433 | D:8      | Reached ***** piety under Trog
  6674 | D:8      | Found a staircase to the Lair.
  6735 | D:8      | Reached skill level 9 in Fighting
  6850 | D:8      | Noticed a two-headed ogre
  6860 | D:8      | Killed a two-headed ogre
  7358 | D:8      | Received a gift from Trog
  7362 | D:8      | Got a crude battleaxe {god gift}
  7363 | D:8      | Identified the +8 battleaxe of the Ten Eyes {freeze,
                  | Stlth+} (Trog gifted it to you on level 8 of the Dungeon)
  7426 | D:8      | Noticed a cyclops
  7596 | D:9      | Noticed a two-headed ogre
  7601 | D:9      | Killed a two-headed ogre
  7601 | D:9      | Reached XP level 11. HP: 70/72 MP: 11/11
  7775 | D:9      | Found a snail-covered altar of Cheibriados.
  7780 | D:9      | Found a shattered altar of Ashenzari.
  7945 | D:10     | Entered Level 10 of the Dungeon
  7981 | D:10     | Found Founithu's Assorted Antiques.
  8128 | D:10     | Reached skill level 10 in Fighting
  8189 | D:10     | Noticed a two-headed ogre
  8194 | D:10     | Killed a two-headed ogre
  8259 | D:10     | Found a snail-covered altar of Cheibriados.
  8280 | D:10     | Reached skill level 10 in Armour
  8598 | D:11     | Noticed Erolcha
  8606 | D:11     | Killed Erolcha
  8622 | D:11     | Noticed a green ugly thing
  8633 | D:11     | Killed a green ugly thing
  8731 | D:11     | Noticed a white ugly thing
  8738 | D:11     | Killed a white ugly thing
  8992 | D:11     | Received a gift from Trog
  9034 | D:11     | Noticed a five-headed hydra
  9042 | D:11     | Killed a five-headed hydra
  9257 | D:11     | Noticed a deep elf mage
  9271 | D:11     | Killed a deep elf mage
  9271 | D:11     | Reached XP level 12. HP: 47/79 MP: 12/12
  9393 | D:11     | Noticed Maurice
  9517 | D:11     | Killed Maurice
  9517 | D:11     | Reached skill level 11 in Fighting
  9799 | Lair:1   | Entered Level 1 of the Lair of Beasts
 10737 | Lair:2   | Noticed Gastronok
 10751 | Lair:2   | Killed Gastronok
 10924 | Lair:2   | Reached skill level 10 in Axes
 11039 | Lair:2   | Found a staircase to the Snake Pit.
 11453 | Lair:3   | Found a staircase to the Shoals.
 11602 | Lair:3   | Reached skill level 12 in Fighting
 11606 | Lair:3   | Reached XP level 13. HP: 86/86 MP: 13/13
 12095 | Lair:3   | Got a brightly glowing ring mail
 12106 | Lair:3   | Identified the +0 ring mail of Salvation {-Tele rElec rCorr
                  | Int+6} (You found it on level 3 of the Lair of Beasts)
 12357 | Lair:4   | Received a gift from Trog
 12954 | Lair:5   | Reached ****** piety under Trog
 13699 | Lair:5   | Reached skill level 10 in Dodging
 13761 | Lair:6   | Entered Level 6 of the Lair of Beasts
 13811 | Lair:6   | Reached skill level 13 in Fighting
 13814 | Lair:6   | HP: 2/88 [eight-headed hydra (9)]
 13814 | Lair:6   | Slain by an eight-headed hydra

Skill      XL: |  1  2  3  4  5  6  7  8  9 10 11 12 13 |
---------------+----------------------------------------+-----
Axes           | 3 4 5 6 8 9 10 11 | 11.2
Dodging        | 2 3 4 6 7 8 9 10 | 10.1
Armour         | 3 4 5 6 7 9 10 11 12 | 12.8
Fighting       | 4 5 7 8 9 10 12 13 | 13.0

Action                   |  1- 3 |  4- 6 |  7- 9 | 10-12 | 13-15 || total
-------------------------+-------+-------+-------+-------+-------++-------
Melee: Hand axe          |   110 |   196 |   519 |    98 |       ||   923
       Battleaxe         |       |       |       |   455 |   215 ||   670
Invok: Berserk           |       |     1 |     5 |     7 |       ||    13
       Brothers in Arms  |       |       |       |     1 |       ||     1
  Use: Scroll            |       |       |    15 |    14 |     4 ||    33
 Stab: Sleeping          |     1 |       |       |       |       ||     1
       Distracted        |       |       |       |       |     1 ||     1
  Eat: Chunk             |     2 |     5 |    16 |    22 |     8 ||    53
       Ration            |       |       |     1 |     1 |       ||     2
Armor: Animal skin       |     8 |       |       |       |       ||     8
       Chain mail        |    31 |   187 |   367 |   133 |       ||   718
       Plate armour      |       |       |       |   357 |   376 ||   733
Dodge: Dodged            |    74 |   129 |   323 |   372 |   258 ||  1156
